 Dungeon Crawl Stone Soup version 0.28-a0-779-g3d1f99b579 (webtiles) character file.

Game seed: 8581240175003483316

252 ytrimaz the Grave Robber (level 5, 0/35 HPs)
             Began as a Demonspawn Necromancer on Nov 2, 2021.
             Slain by a gnoll (6 damage)
             ... on level 3 of the Dungeon.
             The game lasted 00:04:17 (4382 turns).

ytrimaz the Grave Robber (Demonspawn Necromancer)   Turns: 4382, Time: 00:04:18

Health: 0/35       AC:  2    Str:  9    XL:     5   Next: 89%
Magic:  5/10       EV: 12    Int: 17    God:
Gold:   125        SH:  0    Dex: 15    Spells: 7/11 levels left

rFire   + . .      SeeInvis .   e - +0 dagger
rCold   . . .      Faith    .   (no shield)
rNeg    . . .      Spirit   .   a - +0 robe
rPois   .          Reflect  .   (no helmet)
rElec   .          Harm     .   (no cloak)
rCorr   .          Rampage  .   (no gloves)
Will    .....                   (no boots)
Stlth   +++.......              h - amulet of magic regeneration
HPRegen 0.11/turn               b - ring of protection from fire
MPRegen 0.37/turn               (no ring)

@: no status effects
A: thin skeletal structure 1, demonic magic 2
a: no special abilities


You were on level 3 of the Dungeon.
You visited 1 branch of the dungeon, and saw 3 of its levels.

You collected 125 gold pieces.

Inventory:

Hand Weapons
 e - a +0 dagger (weapon)
Armour
 a - a +0 robe (worn)
Jewellery
 b - a ring of protection from fire (left hand)
 h - an amulet of magic regeneration (around neck)
Scrolls
 d - a scroll of teleportation
 i - a scroll of blinking
Potions
 c - a potion of magic {unknown}
 f - a potion of curing {unknown}
 g - a potion of mutation {unknown}
 j - 2 potions of degeneration {unknown}
 k - 2 potions of might {unknown}


   Skills:
 - Level 1.7 Dodging
 + Level 2.3 Stealth
 + Level 3.8 Spellcasting
 + Level 6.5 Necromancy


You had 7 spell levels left.
You knew the following spells:

 Your Spells              Type           Power      Damage    Failure   Level
a - Pain                  Necr           100%       1d9       1%          1
b - Vampiric Draining     Necr           25%        2d7       3%          3

Your spell library contained the following spells:

 Spells                   Type           Power      Damage    Failure   Level
 Animate Skeleton         Necr           50%        N/A       1%          1
 Animate Dead             Necr           12%        N/A       11%         4
 Agony                    Necr           25%        N/A       30%         5


Dungeon Overview and Level Annotations

Branches:
Dungeon (3/15)

Altars:


Innate Abilities, Weirdness & Mutations

You have a somewhat thin skeletal structure. (Dex +2, Stealth+)
Spells you cast may paralyse nearby enemies.


Message History

The gnoll writhes in agony.
Malevolent energies surge around you.
The orc priest calls down the wrath of Beogh upon you.
Beogh smites you!
The gnoll writhes in agony.
Malevolent energies surge around you.
The gnoll suddenly stops moving!
The orc writhes in agony.
Malevolent energies surge around you.
The orc priest suddenly stops moving!
The orc hits you with a +0 short sword.
You are too injured to fight recklessly!
Unknown command.
You are too injured to fight recklessly!
You are too injured to fight recklessly!
Unknown command.
You hit the orc but do no damage.
The orc is moderately wounded.
An orc wizard comes into view. It is wielding a +0 dagger.
The orc hits you with a +0 short sword.
There is an open door here.
The helpless orc priest fails to defend itself.
You hit the orc priest.
The orc priest is lightly wounded.
Unknown command.
The helpless orc priest fails to defend itself.
You puncture the orc priest!
The orc priest is severely wounded.
The orc priest is no longer paralysed.
The gnoll is no longer paralysed.
The gnoll barely misses you. The orc hits you with a +0 short sword.
* * * LOW HITPOINT WARNING * * *
The orc priest hits you with a +0 trident.
* * * LOW HITPOINT WARNING * * *
Casting: Pain (safe; 1% risk of failure)
Confirm with . or Enter, or press ? or * to list all spells.
Aiming: Vampiric Draining (dangerous; 3% risk of failure)
Press: ? - help, Shift-Dir - straight line, f/p - orc
Aim: an orc, wielding a +0 short sword (moderately wounded)
You draw life force from the orc!
You kill the orc!
You feel life coursing into your body. Malevolent energies surge around you.
The orc wizard shouts!
The gnoll hits you with a +0 whip.
You die...

)############################...#
....# *,(,**,,,*,,,,',,,,#'###
....########,,,,********,,,,#.#.≈
..)).......#,,,,*,,,,,,,,,,,*,#.≈
#''#........,≈≈,,,,,,,,,*''**,#.≈
...#........,≈≈,,,,,,,,,*,,,,,#.≈
...#.......#,,,,*,,,,,,,*,,,,,#.≈
####'##################'*****,#.≈
...#.......'...)@o......*,,,*,#.≈
)#.#.......#....#g......*,*,,,#.≈
...#.......#....#.......*,,,*'*##
############''''########****#.,,#
,,,,,,,,,,........,,,,,,,,,,#.o,#
≈≈≈≈≈≈≈≈≈≈≈≈....≈≈≈≈≈≈≈≈≈≈≈≈#####
≈≈≈≈≈≈≈≈≈≈≈o....≈≈≈≈≈≈≈≈≈≈≈≈≈≈≈≈≈
≈≈≈≈≈≈≈≈≈≈≈≈....≈≈≈≈≈≈≈≈≈≈≈≈≈≈≈≈≈
,,,,,,,,.,.....,...,......,......


You could see an orc priest, an orc wizard and a gnoll.

Vanquished Creatures
  A howler monkey (D:3)
  An adder (D:3)
  11 gnolls (D:3)
  A dart slug (D:1)
  14 orcs (D:3)
  3 endoplasms
  A giant cockroach (D:1)
  6 goblins
  2 hobgoblins
  17 jackals
  4 quokkas
  3 ball pythons
  8 bats
  2 frilled lizards
  2 kobolds
  3 rats (D:3)
79 creatures vanquished.

Vanquished Creatures (others)
  A plant (D:3)
1 creature vanquished.

Grand Total: 80 creatures vanquished

Notes
Turn   | Place    | Note
-------+----------+-------------------------------------------
     0 | D:1      | ytrimaz the Demonspawn Necromancer began the quest for the
                  | Orb.
     0 | D:1      | Reached XP level 1. HP: 13/13 MP: 3/3
   419 | D:1      | Found a faded altar of an unknown god.
   436 | D:1      | You fall into a shaft and drop 1 floor!
   643 | D:2      | Gained mutation: Spells you cast may paralyse adjacent
                  | enemies. [demonic ancestry]
   643 | D:2      | Reached XP level 2. HP: 17/19 MP: 1/5
   974 | D:2      | Reached skill level 5 in Necromancy
  2072 | D:1      | Gained mutation: Spells you cast may paralyse nearby
                  | enemies. [demonic ancestry]
  2072 | D:1      | Reached XP level 3. HP: 22/24 MP: 3/6
  2670 | D:3      | Learned a level 3 spell: Vampiric Draining
  2740 | D:3      | Reached XP level 4. HP: 3/30 MP: 1/8
  3689 | D:3      | Gained mutation: You have a somewhat thin skeletal
                  | structure. (Dex +2, Stealth+) [demonic ancestry]
  3689 | D:3      | Reached XP level 5. HP: 27/35 MP: 3/10
  3700 | D:3      | Reached skill level 6 in Necromancy
  4382 | D:3      | Slain by a gnoll

Illustrated notes

Levels and vault maps discovered:
D:1:      onia_arrival_mini_spirals, layout_loops_corners,
          hellmonk_ecumenical_altar_arch_garden, nrook_loot_triangle
D:2:      layout_loops_ring, serial_forest, infiniplex_forest_lined_3_way,
          infiniplex_forest_lined_2, infiniplex_forest_straight_5,
          infiniplex_forest_lined_2, infiniplex_forest_clump_double,
          infiniplex_forest_split, infiniplex_forest_clump_tiny, nrook_campfire,
          grunt_ministairs_10
D:3:      lemuel_castle_with_subvaults [lemuel_castle_interior_carwin_3],
          layout_basic

Skill      XL: |  1  2  3  4  5 |
---------------+----------------+-----
Necromancy     | 5 6 |  6.5
Stealth        | 2 |  2.3
Spellcasting   | 3 |  3.8
Dodging        | |  1.7

Action                   |  1- 3 |  4- 6 || total
-------------------------+-------+-------++-------
Melee: Dagger            |    16 |     6 ||    22
 Cast: Pain              |    76 |    95 ||   171
       Vampiric Draining |       |     1 ||     1
  Use: Scroll            |     3 |     1 ||     4
 Stab: Paralysed         |     7 |     3 ||    10
       Sleeping          |     1 |       ||     1
Armor: Robe              |     8 |     6 ||    14
Dodge: Dodged            |    22 |    13 ||    35

Table legend: (Time is in decaauts)
 A = Elapsed time spent in this place.
 B = Non-inter-level travel time spent in this place.
 C = Inter-level travel time spent in this place.
 D = Time resting spent in this place.
 E = Time spent auto-exploring this place.
 F = Levels seen in this place.
 G = Mean time per level.
                   A        B        C        D        E       F      G
               +--------+--------+--------+--------+--------+-----+--------+
         Total |   4396 |   4297 |     99 |    729 |   2964 |   3 | 1465.3 |
       Dungeon |   4396 |   4297 |     99 |    729 |   2964 |   3 | 1465.3 |
               +--------+--------+--------+--------+--------+-----+--------+

Top non-repeatable levels by time:
     D:3: 1743 daAuts
     D:2: 1496 daAuts
     D:1: 1156 daAuts
